SNL (28 & UNDER)
SALEM SILVER SOULS @ SANTA FE DIABLOS
07/16/2027
 
TOP OF THE 1ST
Salem Silver Souls batting - Pitching for Santa Fe Diablos : LHP Dan O'Brien
Pitching: LHP Dan O'Brien
Batting: LHB Nick Scott 0-0: Ball
1-0: Foul Ball, location: 2F
1-1: Foul Ball, location: 2F
1-2: Ball
2-2: Ball
3-2: Fly out, F7 (Flyball, 78S)
Batting: SHB Jesús Sosa 0-0: Ball
1-0: Swinging Strike
1-1: Foul Ball, location: 2F
1-2: Ball
2-2: Foul Ball, location: 2F
2-2: Ball
3-2: SINGLE (Groundball, 4MD)
Batting: RHB Gabriel Miranda 0-0: Ball
1-0: Fly out, F6 (Popup, 6M)
Batting: RHB Gustavo Pagán 0-0: Ball
1-0: Called Strike
1-1: Foul Ball, location: 2F
1-2: Strikes out looking
Top of the 1st over - 0 run(s), 1 hit(s), 0 error(s), 1 left on base; Salem 0 - Santa Fe 0
BOTTOM OF THE 1ST
Santa Fe Diablos batting - Pitching for Salem Silver Souls : RHP Isaac Coleman
Pitching: RHP Isaac Coleman
Batting: RHB José Alvarado 0-0: Ground out 4-3 (Groundball, 4M)
Batting: SHB George Adams 0-0: Foul Ball, location: 2F
0-1: Ball
1-1: Ground out 4-3 (Groundball, 4M)
Batting: RHB Arnold Harmon 0-0: Ball
1-0: Ball
2-0: Ball
3-0: Called Strike
3-1: Called Strike
3-2: Base on Balls
Batting: RHB Lee Price 0-0: Called Strike
Arnold Harmon steals 2nd base
Pinch Runner at 2nd Ricardo Ruíz: 0-1: Swinging Strike
0-2: Strikes out looking
Bottom of the 1st over - 0 run(s), 0 hit(s), 0 error(s), 1 left on base; Salem 0 - Santa Fe 0
TOP OF THE 2ND
Salem Silver Souls batting - Pitching for Santa Fe Diablos : LHP Dan O'Brien
Batting: LHB Jermaine Carter 0-0: Fly out, F6 (Popup, 6D)
Batting: RHB Brian Dixon 0-0: Ball
1-0: Ball
2-0: Foul Ball, location: 2F
2-1: Ball
3-1: Foul Ball, location: 2F
3-2: Strikes out swinging
Batting: LHB Hamilton Hughes 0-0: Called Strike
0-1: Swinging Strike
0-2: Strikes out swinging
Top of the 2nd over - 0 run(s), 0 hit(s), 0 error(s), 0 left on base; Salem 0 - Santa Fe 0
BOTTOM OF THE 2ND
Santa Fe Diablos batting - Pitching for Salem Silver Souls : RHP Isaac Coleman
Batting: LHB Don Soper 0-0: Ball
1-0: Called Strike
1-1: Foul Ball, location: 2F
1-2: Ground out 1-3 (Groundball, P)
Batting: RHB John Dinkins 0-0: Ball
1-0: Ball
2-0: Called Strike
2-1: Ground out 4-3 (Groundball, 4)
Batting: LHB Javier Martínez 0-0: Ball
1-0: Ball
2-0: Ball
3-0: Base on Balls
Batting: RHB Tim Adkins 0-0: Ball
1-0: Ball
2-0: Ball
3-0: Called Strike
3-1: Swinging Strike
3-2: Fly out, F8 (Flyball, 8RM)
Bottom of the 2nd over - 0 run(s), 0 hit(s), 0 error(s), 1 left on base; Salem 0 - Santa Fe 0
TOP OF THE 3RD
Salem Silver Souls batting - Pitching for Santa Fe Diablos : LHP Dan O'Brien
Batting: RHB Jack Snyder 0-0: Ball
1-0: Ground out 6-3 (Groundball, 56)
Batting: SHB Tony Yan 0-0: Foul Ball, location: 2F
0-1: Ball
1-1: Ball
2-1: Ball
3-1: Called Strike
3-2: Foul Ball, location: 2F
3-2: SOLO HOME RUN (Flyball, 89D), Distance : 385 ft
Batting: LHB Nick Scott 0-0: Ball
1-0: Foul Ball, location: 2F
1-1: Ball
2-1: Ball
3-1: Called Strike
3-2: Base on Balls
Batting: SHB Jesús Sosa 0-0: Swinging Strike
0-1: Ball
1-1: Foul Ball, location: 2F
1-2: Ball
2-2: Fielders Choice at 2nd, 4-6 (Groundball, 4M)
Batting: RHB Gabriel Miranda 0-0: Ball
1-0: Called Strike
1-1: Called Strike
1-2: Ball
Jesús Sosa steals 2nd base
2-2: Ball
3-2: Foul Ball, location: 2F
3-2: Single, Error in OF, E8, batter to second base
Jesús Sosa scores
Batting: RHB Gustavo Pagán 0-0: Ball
1-0: Fly out, F2 (Popup, 23)
Top of the 3rd over - 2 run(s), 2 hit(s), 1 error(s), 1 left on base; Salem 2 - Santa Fe 0
BOTTOM OF THE 3RD
Santa Fe Diablos batting - Pitching for Salem Silver Souls : RHP Isaac Coleman
Batting: RHB Keith Jones 0-0: Ball
1-0: Foul Ball, location: 2F
1-1: Ground out 6-3 (Groundball, 6)
Batting: RHB José Alvarado 0-0: Called Strike
0-1: Foul Ball, location: 2F
0-2: Ball
1-2: Ball
2-2: Ball
3-2: SINGLE (Groundball, 4D)
Batting: SHB George Adams 0-0: Ball
1-0: Foul Ball, location: 2F
1-1: Ball
2-1: Foul Ball, location: 2F
2-2: Ball
3-2: Foul Ball, location: 2F
3-2: Foul Ball, location: 2F
3-2: Foul Ball, location: 2F
3-2: Fly out, F8 (Flyball, 8LD)
Batting: LHB Ricardo Ruíz 0-0: Ball
1-0: Ball
2-0: SINGLE (Groundball, 34D)
José Alvarado to second
Throwing error, E9
José Alvarado scores
Ricardo Ruíz to second
Batting: RHB Lee Price 0-0: Ground out 5-3 (Groundball, 56S)
Bottom of the 3rd over - 1 run(s), 2 hit(s), 1 error(s), 1 left on base; Salem 2 - Santa Fe 1
TOP OF THE 4TH
Salem Silver Souls batting - Pitching for Santa Fe Diablos : LHP Dan O'Brien
Batting: LHB Jermaine Carter 0-0: Fly out, F8 (Flyball, 8RD)
Batting: RHB Brian Dixon 0-0: Fly out, F8 (Flyball, 8RM)
Batting: LHB Hamilton Hughes 0-0: Called Strike
0-1: Ball
1-1: SINGLE (Groundball, 6D)
Batting: RHB Jack Snyder 0-0: Ball
1-0: Swinging Strike
1-1: SINGLE (Groundball, 6D)
Hamilton Hughes to second
Batting: SHB Tony Yan 0-0: Ball
1-0: Ball
2-0: Ball
3-0: Base on Balls
Hamilton Hughes to third
Jack Snyder to second
Batting: LHB Nick Scott 0-0: Ball
1-0: GRAND SLAM HOME RUN (Flyball, 9D), Distance : 368 ft
Batting: SHB Jesús Sosa 0-0: Ball
1-0: Ball
2-0: Ball
3-0: Base on Balls
Batting: RHB Gabriel Miranda 0-0: Called Strike
0-1: Called Strike
0-2: Ball
1-2: Fly out, F7 (Line Drive, 7D)
Top of the 4th over - 4 run(s), 3 hit(s), 0 error(s), 1 left on base; Salem 6 - Santa Fe 1
BOTTOM OF THE 4TH
Santa Fe Diablos batting - Pitching for Salem Silver Souls : RHP Isaac Coleman
Batting: LHB Don Soper 0-0: SINGLE (Groundball, 4MD)
Batting: RHB John Dinkins 0-0: Called Strike
0-1: Grounds into double play, 4-6-3 (Groundball, 4)
Batting: LHB Javier Martínez 0-0: Foul Ball, location: 2F
0-1: Ball
1-1: Ball
2-1: Ball
3-1: Foul Ball, location: 2F
3-2: Base on Balls
Batting: RHB Tim Adkins 0-0: Ball
1-0: Ball
2-0: Foul Ball, location: 2F
2-1: Called Strike
2-2: Strikes out swinging
Bottom of the 4th over - 0 run(s), 1 hit(s), 0 error(s), 1 left on base; Salem 6 - Santa Fe 1
TOP OF THE 5TH
Salem Silver Souls batting - Pitching for Santa Fe Diablos : LHP Dan O'Brien
Pitching: RHP Jacob Bryant
Batting: RHB Gustavo Pagán 0-0: Foul Ball, location: 2F
0-1: Ball
1-1: Foul Ball, location: 2F
1-2: Fly out, F9 (Flyball, 9LMF)
Batting: LHB Jermaine Carter 0-0: Called Strike
0-1: Swinging Strike
0-2: Ball
1-2: Ball
2-2: Strikes out swinging
Batting: RHB Brian Dixon 0-0: Swinging Strike
0-1: Ball
1-1: Ball
2-1: Ball
3-1: Base on Balls
Batting: LHB Hamilton Hughes 0-0: Ball
1-0: Called Strike
1-1: Ball
2-1: 2-RUN HOME RUN (Flyball, 89XD), Distance : 396 ft
Batting: RHB Jack Snyder 0-0: SINGLE (Groundball, 6MD)
Batting: SHB Tony Yan 0-0: Ball
1-0: Ball
2-0: Called Strike
2-1: SINGLE (Groundball, 6) (infield hit)
Jack Snyder to second
Batting: LHB Nick Scott 0-0: Ball
1-0: Called Strike
1-1: Called Strike
1-2: Ball
2-2: Ball
3-2: Base on Balls
Jack Snyder to third
Tony Yan to second
Batting: SHB Jesús Sosa 0-0: Foul Ball, location: 2F
0-1: Called Strike
0-2: Ball
1-2: Ball
2-2: Ball
3-2: Fly out, F5 (Line Drive, 5S)
Top of the 5th over - 2 run(s), 3 hit(s), 0 error(s), 3 left on base; Salem 8 - Santa Fe 1
BOTTOM OF THE 5TH
Santa Fe Diablos batting - Pitching for Salem Silver Souls : RHP Isaac Coleman
Batting: RHB Keith Jones 0-0: Foul Ball, location: 2F
0-1: Foul Ball, location: 2F
0-2: DOUBLE (Line Drive, 9LS)
Pitching: RHP Fernando Gutiérrez
Batting: RHB José Alvarado 0-0: Ball
1-0: Called Strike
1-1: Ground out 6-3 (Groundball, 6)
Batting: SHB George Adams 0-0: Ball
1-0: Swinging Strike
1-1: SINGLE (Line Drive, 8RS)
Keith Jones to third
Batting: LHB Ricardo Ruíz 0-0: Called Strike
0-1: Ball
George Adams steals 2nd base
1-1: Foul Ball, location: 2F
1-2: Ball
2-2: Foul Ball, location: 2F
2-2: Foul Ball, location: 2F
2-2: Foul Ball, location: 2F
2-2: Ball
3-2: Strikes out looking
Batting: RHB Lee Price 0-0: Foul Ball, location: 2F
0-1: Ball
1-1: Ball
2-1: Ball
3-1: SINGLE (Groundball, 6MD)
Keith Jones scores
George Adams to third
Runner from 3rd tries for Home, SAFE, no throw
Batting: LHB Don Soper 0-0: SINGLE (Groundball, 4MD)
Lee Price to second
Batting: RHB John Dinkins 0-0: Called Strike
0-1: Ball
1-1: Ball
2-1: Called Strike
2-2: Fly out, F3 (Line Drive, 3)
Bottom of the 5th over - 2 run(s), 4 hit(s), 0 error(s), 2 left on base; Salem 8 - Santa Fe 3
TOP OF THE 6TH
Salem Silver Souls batting - Pitching for Santa Fe Diablos : RHP Jacob Bryant
Batting: RHB Gabriel Miranda 0-0: Ball
1-0: Called Strike
1-1: Ball
2-1: Ball
3-1: Base on Balls
Batting: RHB Gustavo Pagán 0-0: DOUBLE (Line Drive, 9D)
Gabriel Miranda to third
Batting: LHB Jermaine Carter 0-0: Ball
1-0: Ball
2-0: Foul Ball, location: 2F
2-1: Called Strike
2-2: Strikes out swinging
Batting: RHB Brian Dixon 0-0: 3-RUN HOME RUN (Flyball, 7D), Distance : 362 ft
Pitching: RHP Josh Carson
Batting: LHB Hamilton Hughes 0-0: Called Strike
0-1: Ball
1-1: Ball
2-1: Ball
3-1: Fly out, F5 (Popup, 5L)
Batting: RHB Jack Snyder 0-0: Called Strike
0-1: Foul Ball, location: 2F
0-2: Ball
1-2: Foul Ball, location: 2F
1-2: Strikes out swinging, 2-3 out at first.
Top of the 6th over - 3 run(s), 2 hit(s), 0 error(s), 0 left on base; Salem 11 - Santa Fe 3
BOTTOM OF THE 6TH
Santa Fe Diablos batting - Pitching for Salem Silver Souls : RHP Fernando Gutiérrez
Batting: LHB Javier Martínez 0-0: Ball
1-0: Fly out, F7 (Flyball, 7LS)
Batting: RHB Tim Adkins 0-0: Called Strike
0-1: Foul Ball, location: 2F
0-2: Fly out, F9 (Line Drive, 9S)
Batting: RHB Keith Jones 0-0: Foul Ball, location: 2F
0-1: Ground out 5-3 (Groundball, 5S)
Bottom of the 6th over - 0 run(s), 0 hit(s), 0 error(s), 0 left on base; Salem 11 - Santa Fe 3
TOP OF THE 7TH
Salem Silver Souls batting - Pitching for Santa Fe Diablos : RHP Josh Carson
Batting: SHB Tony Yan 0-0: Swinging Strike
0-1: Called Strike
0-2: Ball
1-2: Ball
2-2: Ball
3-2: Foul Ball, location: 2F
3-2: SOLO HOME RUN (Flyball, 89XD), Distance : 393 ft
Batting: LHB Nick Scott 0-0: Swinging Strike
0-1: Ball
1-1: Called Strike
1-2: Ball
2-2: Foul Ball, location: 2F
2-2: Ball
3-2: Foul Ball, location: 2F
3-2: Foul Ball, location: 2F
3-2: Base on Balls
Batting: SHB Jesús Sosa 0-0: Called Strike
0-1: Foul Ball, location: 2F
0-2: Ball
1-2: Foul Ball, location: 2F
1-2: Strikes out swinging
Batting: RHB Gabriel Miranda 0-0: Ball
1-0: Called Strike
1-1: Swinging Strike
1-2: Ball
2-2: Foul Ball, location: 2F
2-2: Foul Ball, location: 2F
2-2: Ball
3-2: Base on Balls
Nick Scott to second
Batting: RHB Gustavo Pagán 0-0: Called Strike
Nick Scott steals 3rd base
Gabriel Miranda to second
0-1: Ball
1-1: TRIPLE (Flyball, 89D)
Nick Scott scores
Gabriel Miranda scores
Batting: LHB Jermaine Carter 0-0: Ball
1-0: Ball
2-0: Foul Ball, location: 2F
2-1: Called Strike
2-2: Foul Ball, location: 2F
2-2: Fly out, F9 (Flyball, 9LSF)
Runner from 3rd tags up, SCORES, no throw
Batting: RHB Brian Dixon 0-0: Ball
1-0: Called Strike
1-1: SINGLE (Flyball, 89S)
Pitching: RHP Bill Davis
Batting: LHB Hamilton Hughes 0-0: Ball
1-0: Ball
2-0: Ball
3-0: Base on Balls
Brian Dixon to second
Batting: RHB Jack Snyder 0-0: Foul Ball, location: 2F
0-1: Reached on error, E6 (Groundball, 6)
Brian Dixon to third
Hamilton Hughes to second
Batting: SHB Tony Yan 0-0: Ball
1-0: Ball
2-0: Ball
3-0: Base on Balls
Brian Dixon scores
Hamilton Hughes to third
Jack Snyder to second
Batting: LHB Nick Scott 0-0: Ball
1-0: Ball
2-0: Called Strike
2-1: Ball
3-1: Called Strike
3-2: Foul Ball, location: 2F
3-2: Foul Ball, location: 2F
3-2: Base on Balls
Hamilton Hughes scores
Jack Snyder to third
Tony Yan to second
Batting: SHB Jesús Sosa 0-0: Foul Ball, location: 2F
0-1: SINGLE (Line Drive, 6MD)
Jack Snyder scores
Tony Yan to third
Nick Scott to second
Runner from 3rd tries for Home, SAFE, no throw
Batting: RHB Gabriel Miranda 0-0: Ground out 5-3 (Groundball, 56S)
Top of the 7th over - 8 run(s), 4 hit(s), 1 error(s), 2 left on base; Salem 19 - Santa Fe 3
BOTTOM OF THE 7TH
Santa Fe Diablos batting - Pitching for Salem Silver Souls : RHP Fernando Gutiérrez
Batting: RHB José Alvarado 0-0: Called Strike
0-1: Ball
1-1: Ball
2-1: Ball
3-1: Foul Ball, location: 2F
3-2: DOUBLE (Line Drive, 9D)
Batting: SHB George Adams 0-0: Ground out 6-3 (Groundball, 56)
Batting: LHB Ricardo Ruíz 0-0: Ball
1-0: Called Strike
1-1: Called Strike
1-2: Fly out, F8 (Flyball, 8RM)
Batting: RHB Lee Price 0-0: Ball
1-0: Ball
2-0: SINGLE (Groundball, 34D)
José Alvarado to third
Runner from 3rd tries for Home, SAFE, no throw
Batting: LHB Don Soper 0-0: Fly out, F6 (Popup, 6MS)
Bottom of the 7th over - 1 run(s), 2 hit(s), 0 error(s), 1 left on base; Salem 19 - Santa Fe 4
TOP OF THE 8TH
Salem Silver Souls batting - Pitching for Santa Fe Diablos : RHP Bill Davis
Batting: RHB Gustavo Pagán 0-0: Ball
1-0: SINGLE (Groundball, 4MD)
Batting: LHB Jermaine Carter 0-0: Called Strike
0-1: Called Strike
0-2: Foul Ball, location: 2F
0-2: Ball
1-2: Ball
2-2: Strikes out swinging
Batting: RHB Brian Dixon 0-0: Ground out 5-3 (Groundball, 5S)
Gustavo Pagán to second
Batting: LHB Hamilton Hughes 0-0: Swinging Strike
0-1: Ball
1-1: Called Strike
1-2: Ground out 3-1 (Groundball, 34)
Top of the 8th over - 0 run(s), 1 hit(s), 0 error(s), 1 left on base; Salem 19 - Santa Fe 4
BOTTOM OF THE 8TH
Santa Fe Diablos batting - Pitching for Salem Silver Souls : RHP Fernando Gutiérrez
Batting: RHB John Dinkins 0-0: Ball
1-0: DOUBLE (Line Drive, 8LD)
Batting: LHB Javier Martínez 0-0: Ball
1-0: Called Strike
1-1: Called Strike
1-2: SINGLE (Flyball, 8RS)
John Dinkins to third
Pitching: RHP Patrick Williamson
Batting: RHB Tim Adkins 0-0: Foul Ball, location: 2F
0-1: Swinging Strike
0-2: Foul Ball, location: 2F
0-2: Foul Ball, location: 2F
0-2: Foul Ball, location: 2F
0-2: Ground out U3 (Groundball, 23)
John Dinkins scores
Javier Martínez to second
Batting: RHB Keith Jones 0-0: Called Strike
0-1: Swinging Strike
0-2: Ball
1-2: Ball
2-2: Strikes out looking
Batting: RHB José Alvarado 0-0: Ball
1-0: Ball
2-0: Ball
3-0: Base on Balls
Batting: SHB George Adams 0-0: Called Strike
0-1: Ball
1-1: Called Strike
1-2: Ball
2-2: Ball
3-2: Base on Balls
Javier Martínez to third
José Alvarado to second
Batting: LHB Ricardo Ruíz 0-0: Called Strike
0-1: Ball
1-1: Foul Ball, location: 2F
1-2: Foul Ball, location: 2F
1-2: Foul Ball, location: 2F
1-2: Ball
2-2: Ball
3-2: Strikes out swinging
Bottom of the 8th over - 1 run(s), 2 hit(s), 0 error(s), 3 left on base; Salem 19 - Santa Fe 5
TOP OF THE 9TH
Salem Silver Souls batting - Pitching for Santa Fe Diablos : RHP Bill Davis
Batting: RHB Jack Snyder 0-0: Called Strike
0-1: Ball
1-1: Swinging Strike
1-2: Ball
2-2: Ball
3-2: Reached on error, E4 (Groundball, 4)
Pinch Hitting: SHB Francis Shaffer 0-0: Called Strike
0-1: Fly out, F8 (Flyball, 8LD)
Runner from 2nd tags up, SAFE at 3rd, no throw
Batting: LHB Nick Scott 0-0: Called Strike
0-1: Foul Ball, location: 2F
0-2: Ball
1-2: Foul Ball, location: 2F
1-2: Ball
2-2: Strikes out swinging
Batting: SHB Jesús Sosa 0-0: Foul Ball, location: 2F
0-1: Ball
1-1: Ball
2-1: Ball
3-1: Base on Balls
Pinch Hitting: RHB Ron Edwards 0-0: Called Strike
0-1: Fly out, F4 (Line Drive, 4)
Top of the 9th over - 0 run(s), 0 hit(s), 1 error(s), 2 left on base; Salem 19 - Santa Fe 5
BOTTOM OF THE 9TH
Santa Fe Diablos batting - Pitching for Salem Silver Souls : RHP Patrick Williamson
Now at 3B: Francis Shaffer
Now at SS: Augusto Baiano
Batting: RHB Lee Price 0-0: SINGLE (Flyball, 8LS) - OUT at second base trying to stretch hit.
Batting: LHB Don Soper 0-0: Swinging Strike
0-1: Ball
1-1: Foul Ball, location: 2F
1-2: Ball
2-2: Ball
3-2: Base on Balls
Batting: RHB John Dinkins 0-0: Called Strike
0-1: Ball
1-1: Ball
2-1: Swinging Strike
2-2: Ball
3-2: Base on Balls
Don Soper to second
Batting: LHB Javier Martínez 0-0: Called Strike
0-1: Swinging Strike
0-2: Strikes out swinging
Batting: RHB Tim Adkins 0-0: Ball
1-0: Foul Ball, location: 2F
1-1: Called Strike
1-2: Strikes out swinging
Bottom of the 9th over - 0 run(s), 1 hit(s), 0 error(s), 2 left on base; Salem 19 - Santa Fe 5
Thursday, March 30th, 2017 - OOTP Baseball 17.12 Build 75